 Dungeon Crawl Stone Soup version 0.31-a0-234-gad7ace16ef (webtiles) character file.

Game seed: 3860117200435848632

52 qw the Shooter (level 3, -11/29 HPs)
             Began as a Minotaur Hexslinger on July 9, 2023.
             Mangled by an ogre
             ... wielding a +0 giant club
              (27 damage)
             ... on level 2 of the Dungeon.
             The game lasted 00:00:32 (1106 turns).

qw the Shooter (Minotaur Hexslinger)                Turns: 1106, Time: 00:00:33

Health: -11/29     AC:  2    Str: 12    XL:     3   Next: 60%
Magic:  3/3        EV: 12    Int: 10    God:
Gold:   69         SH:  0    Dex: 14    Spells: 3/4 levels left

rFire   . . .        Y - +1 sling
rCold   . . .        (no shield)
rNeg    . . .        c - +0 robe
rPois   .            (helmet restricted)
rElec   .            (no cloak)
rCorr   .            (no gloves)
SInv    .            (no boots)
Will    .....        (no amulet)
Stlth   +            (no ring)
HPRegen 0.24/turn    (no ring)
MPRegen 0.08/turn

%: no passive effects
@: no status effects
A: horns 2, retaliatory headbutt
a: no special abilities


You were on level 2 of the Dungeon.
You visited 1 branch of the dungeon, and saw 2 of its levels.

You collected 69 gold pieces.


Innate Abilities, Weirdness & Mutations

You have a pair of horns on your head.
You reflexively headbutt those who attack you in melee.


   Skills:
 - Level 2.0 Fighting
 + Level 4.1 Ranged Weapons
 - Level 2.1 Dodging
 - Level 1.0 Spellcasting
 - Level 2.0 Hexes


You had 3 spell levels left.
You knew the following spells:

 Your Spells              Type           Power      Damage    Failure   Level
a - Slow                  Hex            16%        N/A       16%         1

Your spell library contained the following spells:

 Spells                   Type           Power      Damage    Failure   Level
 Inner Flame              Hex/Fire       2%         N/A       56%         3
 Portal Projectile        Hex/Tloc       4%         N/A       56%         3
 Cause Fear               Hex            2%         N/A       83%         4

Inventory:

Hand Weapons
 Y - a +1 sling (weapon)
Armour
 c - a +0 robe (worn)
 d - a +0 ring mail
Scrolls
 a - 2 scrolls of enchant armour {unknown}
 b - 3 scrolls of identify
Potions
 e - a potion of enlightenment

Dungeon Overview and Level Annotations

Branches:
Dungeon (2/15)

Altars:

Shops:
D:1 (


Message History

You shoot a sling bullet.
The sling bullet barely misses the ogre.
You shoot a sling bullet.
The sling bullet hits the ogre but does no damage.
The ogre is lightly wounded.
You shoot a sling bullet. The sling bullet hits the ogre.
The ogre is moderately wounded.
You shoot a sling bullet. The sling bullet hits the ogre.
The ogre is moderately wounded.
You shoot a sling bullet.
The sling bullet completely misses the ogre.
The sling bullet hits the dart slug.
The dart slug is moderately wounded.
The ogre hits you with a +0 giant club!
You shoot a sling bullet.
The sling bullet barely misses the ogre.
The sling bullet hits the dart slug but does no damage.
The dart slug is moderately wounded.
The ogre barely misses you.
You shoot a sling bullet. The sling bullet hits the ogre.
The ogre is heavily wounded.
You shoot a sling bullet.
The sling bullet barely misses the ogre.
The ogre barely misses you. The dart slug bites you.
You shoot a sling bullet. The sling bullet hits the ogre.
The ogre is severely wounded.
The ogre misses you. The dart slug completely misses you.
You shoot a sling bullet.
The sling bullet barely misses the ogre.
The ogre barely misses you.
You shoot a sling bullet. The sling bullet hits the ogre.
The ogre is almost dead.
The dart slug launches a dart at you. The slug dart hits you.
You shoot a sling bullet.
The sling bullet hits the ogre but does no damage.
The ogre is almost dead.
The ogre hits you with a +0 giant club!!
Ouch! That really hurt!
You die...

...... #######
..?... ###......
......#
#######...#####
.......
.............(.
.......
#######.######.
<....(. ####..#
##.
......O#####....##
#..
......w@.....####
#.#
#########....####
####.#
##.##....###....#
#..#####..##.####
#.## ##.......#
#.# ##..###.# #.#
##..## #..
######.# #.>## ##.
#......# #.## ##.


You could see an ogre and a dart slug.

Vanquished Creatures
  2 dart slugs (D:1)
  8 ball pythons
  A bat (D:1)
  4 endoplasms
  2 giant cockroaches
  5 goblins
  5 hobgoblins (D:1)
  5 quokkas
  6 kobolds
  2 rats (D:1)
40 creatures vanquished.

Notes
Turn   | Place    | Note
-------+----------+-------------------------------------------
     0 | D:1      | qw the Minotaur Hexslinger began the quest for the Orb.
     0 | D:1      | Reached XP level 1. HP: 16/16 MP: 1/1
     0 | D:1      | 0 ||| qw: Version: 0.3-a-51-g015441d
     0 | D:1      | 0 ||| qw: Game counter: 4191
     0 | D:1      | 0 ||| qw: Melee chars always use a shield: true
     0 | D:1      | 0 ||| qw: God list: Okawaru
     0 | D:1      | 0 ||| qw: Allow faded altars: false
     0 | D:1      | 0 ||| qw: Do Orc after clearing Dungeon:15 true
     0 | D:1      | 0 ||| qw: Do second Lair branch before Depths: true
     0 | D:1      | 0 ||| qw: Lair rune preference: random
     0 | D:1      | 0 ||| qw: Goals: Normal
     0 | D:1      | 0 ||| PLANNING D:1-11
    34 | D:1      | Found Pukiabbo's Weapon Shop.
    79 | D:1      | Reached skill level 3 in Ranged Weapons
    84 | D:1      | Reached XP level 2. HP: 23/23 MP: 2/2
   180 | D:1      | You fall into a shaft and drop 1 floor!
   181 | D:2      | 181 ||| DROPPING scroll of poison.
   327 | D:1      | Reached XP level 3. HP: 29/29 MP: 3/3
   622 | D:1      | 622 ||| READING scroll labelled DAMUOS OFFUORE.
   623 | D:1      | 623 ||| READING scroll labelled WOAG KONNAKHO.
   624 | D:1      | 624 ||| DRINKING 2 fuming puce potions.
   797 | D:2      | Reached skill level 4 in Ranged Weapons
   838 | D:2      | Found a faded altar of an unknown god.
  1093 | D:2      | Noticed an ogre
  1106 | D:2      | Mangled by an ogre

Levels and vault maps discovered:
D:1:      saegor_arrival_simple_a, layout_rooms, serial_shops, shop,
          serial_bayou, serial_bayou_ford_a, serial_bayou_crossing,
          serial_bayou_lagoon_a, serial_bayou_shore_a, serial_bayou_pond_b,
          serial_bayou_shore_b
D:2:      layout_rooms, hellmonk_ecumenical_altar_slurped_away

Skill      XL: |  1  2  3 |
---------------+----------+-----
Ranged Weapons | 3 4 |  4.1
Fighting       | 2 |  2.0
Dodging        | |  2.1
Spellcasting   | |  1.0
Hexes          | |  2.0

Action                     || total
---------------------------++-------
   Fire: Sling             ||   111
    Use: Scroll            ||     2
         Potion            ||     1
 Armour: Robe              ||     6
  Dodge: Dodged            ||    22

Table legend:
 A = Non-vault XP
 B = Vault XP
 C = Vault XP percentage of total XP
 D = Non-vault monster count
 E = Vault monster count
 F = Vault count percentage of total count
                 A         B        C        D         E       F
            +---------+---------+-------+---------+---------+-------
      Total |      69 |       6 |   8.0 |      37 |       3 |   7.5
            +---------+---------+-------+---------+---------+-------
        D:1 |      47 |       4 |   7.8 |      24 |       2 |   7.7
        D:2 |      22 |       2 |   8.3 |      13 |       1 |   7.1
            +---------+---------+-------+---------+---------+-------
